 Dungeon Crawl Stone Soup version 0.30-a0-634-g8abc85282e (webtiles) character file.

Game seed: 5788613869681356524

47752 themarg the Martial Artist (level 14, -6/130 HPs)
             Began as a Gnoll Transmuter on Jan 14, 2023.
             Was the Champion of Cheibriados.
             Mangled by a dire elephant (23 damage)
             ... on level 5 of the Lair of Beasts.
             The game lasted 00:52:03 (17223 turns).

themarg the Martial Artist (Gnoll Transmuter)      Turns: 17223, Time: 00:52:03

Health: -6/130     AC: 16    Str: 27    XL:     14   Next: 43%
Magic:  6/28       EV: 19    Int: 31    God:    Cheibriados [******]
Gold:   2093       SH:  0    Dex: 27    Spells: 6/34 levels left

rFire   x . .      SeeInvis .      - Unarmed
rCold   + + +      Faith    .    (shield currently unavailable)
rNeg    . . .      Spirit   .    (body armour currently unavailable)
rPois   +          Reflect  .    (helmet currently unavailable)
rElec   .          Harm     .    (cloak currently unavailable)
rCorr   .          Rampage  .    (gloves currently unavailable)
Will    ++...                    (boots currently unavailable)
Stlth   +++++                    m - amulet of the acrobat
HPRegen 0.41/turn                u - +4 ring of protection
MPRegen 0.21/turn                N - ring of willpower

@: ice-form, very slow
A: freezing attack, amphibious, boosted hp, large, (fangs 1), strong nose,
distributed training
a: End Transformation, Renounce Religion, Bend Time, Temporal Distortion,
Slouch, Step From Time


You were on level 5 of the Lair of Beasts.
You worshipped Cheibriados.
Cheibriados was exalted by your worship.
You were a creature of crystalline ice.
You visited 3 branches of the dungeon, and saw 17 of its levels.
You also visited: Bailey and Ice Cave.

You collected 2093 gold pieces.

Inventory:

Hand Weapons
 q - the +9 rapier of Devotion {vamp, rPois rC+ rN+ Dex+2}
   (You found it on level 3 of the Lair of Beasts)

   Dex:       It affects your dexterity (+2).
   rC:        It protects you from cold.
   rPois:     It protects you from poison.
   rN:        It protects you from negative energy.
 A - the +1 whip of Jopior (melded) {vamp, rElec rF+ rC+}
   (You took it off a gnoll on level 5 of the Dungeon)

   rF:        It protects you from fire.
   rC:        It protects you from cold.
   rElec:     It insulates you from electricity.
Missiles
 s - 12 curare-tipped darts
 v - 16 poisoned darts
 z - 8 throwing nets
Armour
 a - a +0 robe (melded)
 r - a +0 buckler (melded)
 t - a +0 pair of boots (melded)
 D - a +0 cloak (melded)
 G - a +2 pair of gloves (melded)
 R - a +1 hat of stealth (melded)
Jewellery
 m - an amulet of the acrobat (around neck)
 u - a +4 ring of protection (left front paw)
 F - a ring of see invisible
 H - a ring of ice
 N - a ring of willpower (right front paw)
 T - a +4 ring of protection
 V - a +6 ring of strength
 W - a ring of flight
 Z - a +6 ring of intelligence
Wands
 f - a wand of iceblast (8)
 S - a wand of polymorph (14)
 U - a wand of digging (8)
 X - a wand of flame (38)
 Y - a wand of paralysis (12)
Scrolls
 c - 7 scrolls of teleportation
 g - 3 scrolls of fear
 i - 8 scrolls of enchant weapon
 k - 2 scrolls of magic mapping
 l - 6 scrolls of vulnerability
 o - 2 scrolls of amnesia {unknown}
 p - 3 scrolls of immolation
 w - 4 scrolls of butterflies
 x - a scroll of silence {unknown}
 y - 2 scrolls of torment {unknown}
 B - a scroll of brand weapon {unknown}
 I - a scroll of acquirement {unknown}
 L - 2 scrolls of blinking
 M - 5 scrolls of poison
Potions
 b - 5 potions of lignification
 d - 2 potions of might
 e - 9 potions of mutation
 j - 3 potions of heal wounds
 n - 8 potions of curing
 C - a potion of cancellation {unknown}
 E - 2 potions of ambrosia
 J - a potion of berserk rage {unknown}
 K - a potion of degeneration {unknown}
 O - 4 potions of brilliance
 P - 2 potions of haste {unknown}
 Q - 5 potions of flight
Miscellaneous
 h - a box of beasts


   Skills:
 + Level 9.9 Fighting
 + Level 9.5 Short Blades
 + Level 9.5 Long Blades
 + Level 9.5 Axes
 + Level 9.5 Maces & Flails
 + Level 9.5 Polearms
 + Level 9.5 Staves
 + Level 9.5 Ranged Weapons
 + Level 9.5 Throwing
 + Level 9.5 Armour
 + Level 10.6 Dodging
 + Level 9.5 Stealth
 + Level 9.5 Shields
 + Level 11.5 Unarmed Combat
 + Level 10.8 Spellcasting
 + Level 8.0 Conjurations
 + Level 8.0 Hexes
 + Level 8.0 Summonings
 + Level 8.0 Necromancy
 + Level 8.0 Translocations
 + Level 8.9 Transmutations
 + Level 8.0 Fire Magic
 + Level 8.0 Ice Magic
 + Level 8.0 Air Magic
 + Level 8.0 Earth Magic
 + Level 8.0 Poison Magic
 + Level 10.4 Invocations
 + Level 9.5 Evocations


You had 6 spell levels left.
You knew the following spells:

 Your Spells              Type           Power      Damage    Failure   Level
a - Beastly Appendage     Tmut           100%       N/A       1%          1
b - Wereblood             Tmut           64%        N/A       1%          2
c - Spider Form           Tmut/Pois      62%        N/A       1%          3
d - Ice Form              Ice/Tmut       62%        N/A       1%          4
e - Leda's Liquefaction   Hex/Erth       30%        N/A       1%          4
f - Olgreb's Toxic Radia  Pois           60%        N/A       1%          4
g - Fireball              Conj/Fire      30%        3d13      3%          5
h - Summon Forest         Summ/Tloc      30%        N/A       3%          5

Your spell library contained the following spells:

 Spells                   Type           Power      Damage    Failure   Level
 Apportation              Tloc           100%       N/A       1%          1
 Foxfire                  Conj/Fire      100%       2x1d9     1%          1
 Magic Dart               Conj           100%       1d8       1%          1
 Sandblast                Erth           100%       2d20      1%          1
 Sting                    Tmut/Pois      100%       1d8       1%          1
 Passwall                 Tmut/Erth      51%        N/A       1%          2
 Poisonous Vapours        Pois/Air       100%       N/A       1%          2
 Searing Ray              Conj           100%       2d8       1%          2
 Call Canine Familiar     Summ           60%        N/A       1%          3
 Portal Projectile        Hex/Tloc       100%       N/A       1%          3
 Stone Arrow              Conj/Erth      100%       3d13      1%          3
 Animate Dead             Necr           60%        N/A       1%          4
 Fulminant Prism          Conj/Hex       30%        3d16      1%          4
 Alistair's Intoxication  Tmut/Pois      41%        N/A       2%          5
 Summon Mana Viper        Hex/Summ       60%        N/A       3%          5
 Starburst                Conj/Fire      30%        6d9       17%         6
 Summon Cactus Giant      Summ           30%        N/A       17%         6
 Haunt                    Necr/Summ      30%        N/A       67%         7
 Malign Gateway           Summ/Tloc      30%        N/A       67%         7
 Infestation              Necr           30%        N/A       100%        8
 Summon Horrible Things   Summ           30%        N/A       100%        8


Dungeon Overview and Level Annotations

Branches:
Dungeon (11/15)            Temple (1/1) D:5            Lair (5/5) D:8
  Swamp (0/4) Lair:2       Spider (0/4) Lair:3        Slime (0/5) Lair:5
    Orc (0/2) D:10         Bailey (visited)           IceCv (visited)

Altars:
Ashenzari
Cheibriados
Dithmenos
Elyvilon
Fedhas
Gozag
Hepliaklqana
Kikubaaqudgha
Makhleb
Nemelex Xobeh
Okawaru
Qazlal
Ru
Sif Muna
Trog
Uskayaw
Vehumet
Wu Jian
Xom
Yredelemnul
Zin
The Shining One
Jiyva

Shops:
D:2 *   D:11 *

Annotations:
D:6 2 transporters, porpoise's ghost, novice DsGl
D:11 3 runed translucent doors, exclusion: obsidian statue, dracfodder's ghost, journeyman GrEE
Lair:2 exclusion: downstairs
Lair:5 1 runed translucent door


Innate Abilities, Weirdness & Mutations

You are a creature of crystalline ice.
You have a powerful freezing melee attack.
You are amphibious.
Your maximum health is increased.
Your armour is entirely melded.
You are incapable of wielding weapons or throwing items.
((You have very sharp teeth.))
Your uncanny sense of smell can sniff out nearby items.
Your experience applies equally to all skills.


Message History

You hit the dire elephant simulacrum but do no damage.
The dire elephant simulacrum is moderately damaged.
You punch the dire elephant simulacrum!
The dire elephant simulacrum is heavily damaged.
The dire elephant simulacrum misses you.
The dire elephant simulacrum barely misses you.
You begin to radiate toxic energy.
The dire elephant looks even sicker.
The dire elephant simulacrum tramples you but does no damage.
The dire elephant simulacrum closely misses you.
The dire elephant tramples you.
* * * LOW HITPOINT WARNING * * *
You stumble backwards!
You feel much better.
Your toxic aura wanes.
The dire elephant tramples you.
You stumble backwards!
You pummel the dire elephant!! You freeze the dire elephant!
The dire elephant is severely wounded.
You punch the dire elephant! You freeze the dire elephant.
The dire elephant is almost dead.
The dire elephant tramples you!
* * * LOW HITPOINT WARNING * * *
You hold your ground!
The dire elephant closely misses you.
You completely miss the dire elephant.
The dire elephant is almost dead.
The dire elephant barely misses you.
The dire elephant trunk-slaps you but does no damage.
The dire elephant simulacrum tramples you!!
* * * LOW HITPOINT WARNING * * *
You stumble backwards!
You feel much better. The flow of time bends around you.
The dire elephant simulacrum resists with some effort.
Cheibriados rebukes the dire elephant.
The dire elephant seems to slow down.
The dire elephant simulacrum tramples you!
* * * LOW HITPOINT WARNING * * *
You hold your ground!
The dire elephant simulacrum misses you.
The dire elephant tramples you!!
You die...

♣##...#.###..##
#.#..##.##...#
###.'..#P.#♣.### #
#...'.P#.##♣..###.
#P..####.# ♣......
##...'.P.P# #♣..#..
#....'..######.....
#ZYZ##8P.'.PP#♣.##.
#.Y.P#####...#♣..#.
##P..# #...##.##.
#...## #...##.##.
#♣..P♣ #...##.##.
♣♣..♣♣###8[8#♣....
♣♣..♣########.#..
#....'.## ♣.#..
###.♣#### ..##.
####### ##.#..


You could see a dire elephant (very poisoned, slow) and 2 dire elephant
simulacra.

Vanquished Creatures
  Kirke (Lair:3)
  2 dire elephants (Lair:5)
  2 hydras
  A centaur warrior (D:10)
  6 boulder beetles
  2 two-headed ogres
  A pharaoh ant (Lair:3)
  A spectral anaconda (Lair:5)
  A swamp dragon (Lair:2)
  A lindwurm (Lair:5)
  An obsidian statue (Lair:5)
  A necromancer (Lair:5)
  2 ugly things (IceCv)
  A wolf spider (Lair:2)
  A cyclops (D:10)
  19 elephants
  6 black mambas
  3 ice statues (IceCv)
  8 cane toads
  A rime drake (D:8)
  A dire elephant skeleton (Lair:5)
  An efreet (D:10)
  7 komodo dragons
  Psyche (D:9)
  2 kobold demonologists (D:10)
  2 tarantellas
  4 polar bears
  A hornet (D:10)
  Prince Ribbit (D:7)
  6 blink frogs
  A shadow (D:7)
  2 wraiths
  A vampire (D:10)
  2 dire elephant simulacra
  5 wyverns
  6 hogs
  2 basilisks
  2 redbacks
  4 vampire mosquitoes (D:10)
  2 death yak simulacra (IceCv)
  19 yaks
  Grum (Bailey)
  A spectral cane toad (Lair:5)
  11 water moccasins
  A hydra simulacrum (IceCv)
  2 acid dragons
  3 orc warriors
  A black bear (D:7)
  5 ice beasts
  2 ogres
  8 wolves
  A phantom (D:6)
  5 centaurs
  2 kobold brigands
  6 bullfrogs
  A necrophage (D:5)
  9 gnoll sergeants
  4 scorpions
  A cane toad simulacrum (IceCv)
  3 elephant simulacra
  5 killer bees (D:9)
  4 howler monkeys
  An electric eel (D:10)
  6 hounds
  6 gnoll boudas
  2 orc priests
  4 iguanas
  9 orc wizards
  A polar bear simulacrum (IceCv)
  A wolf simulacrum (IceCv)
  6 adders
  38 gnolls
  14 white imps
  2 worms (D:3)
  A dart slug (D:2)
  48 orcs
  3 ball pythons
  9 endoplasms
  4 giant cockroaches
  14 goblins
  13 hobgoblins
  21 kobolds
  3 quokkas
  5 bats
  2 frilled lizards (D:3)
  2 rats
  2 bushes (Lair:1)
426 creatures vanquished.

Vanquished Creatures (collateral kills)
  A dire elephant (Lair:5)
  A lindwurm (Lair:2)
  2 elephants
  A rime drake (Lair:2)
  A blink frog (Lair:3)
  5 dream sheep (Lair:5)
  2 yaks (Lair:4)
  2 water moccasins (Lair:2)
  2 lava snakes (Lair:2)
  An iguana (Lair:2)
18 creatures vanquished.

Vanquished Creatures (others)
  A yak (D:10)
  A bush (Lair:5)
  A butterfly (Lair:3)
  18 fungi
  36 plants
  9 withered plants (Lair:5)
66 creatures vanquished.

Grand Total: 510 creatures vanquished

Notes
Turn   | Place    | Note
-------+----------+-------------------------------------------
     0 | D:1      | themarg the Gnoll Transmuter began the quest for the Orb.
     0 | D:1      | Reached XP level 1. HP: 17/17 MP: 6/6
    65 | D:1      | Reached XP level 2. HP: 23/23 MP: 5/7
    68 | D:1      | Learned a level 2 spell: Wereblood
   563 | D:1      | Found a faded altar of an unknown god.
   567 | D:1      | Reached skill level 5 in Spellcasting
   567 | D:1      | Reached XP level 3. HP: 28/28 MP: 6/9
   571 | D:1      | Learned a level 3 spell: Spider Form
  1289 | D:2      | Reached skill level 1 in Invocations
  1424 | D:2      | Reached skill level 1 in Short Blades
  1424 | D:2      | Reached skill level 1 in Long Blades
  1424 | D:2      | Reached skill level 1 in Axes
  1424 | D:2      | Reached skill level 1 in Maces & Flails
  1424 | D:2      | Reached skill level 1 in Polearms
  1424 | D:2      | Reached skill level 1 in Staves
  1424 | D:2      | Reached skill level 1 in Ranged Weapons
  1424 | D:2      | Reached skill level 1 in Throwing
  1424 | D:2      | Reached skill level 1 in Armour
  1424 | D:2      | Reached skill level 1 in Stealth
  1424 | D:2      | Reached skill level 1 in Shields
  1424 | D:2      | Reached skill level 1 in Evocations
  1465 | D:2      | Found Fisif's Assorted Antiques.
  1679 | D:3      | Reached XP level 4. HP: 23/34 MP: 4/11
  1823 | D:3      | Reached skill level 1 in Conjurations
  1823 | D:3      | Reached skill level 1 in Hexes
  1823 | D:3      | Reached skill level 1 in Summonings
  1823 | D:3      | Reached skill level 1 in Necromancy
  1823 | D:3      | Reached skill level 1 in Translocations
  1823 | D:3      | Reached skill level 1 in Fire Magic
  1823 | D:3      | Reached skill level 1 in Ice Magic
  1823 | D:3      | Reached skill level 1 in Air Magic
  1823 | D:3      | Reached skill level 1 in Earth Magic
  1823 | D:3      | Reached skill level 1 in Poison Magic
  2083 | D:3      | Reached XP level 5. HP: 40/40 MP: 10/12
  2160 | D:3      | Noticed a steam dragon
  2246 | D:3      | Found a radiant altar of Vehumet.
  2246 | D:3      | Found a basalt altar of Yredelemnul.
  2764 | D:4      | Reached XP level 6. HP: 47/47 MP: 10/14
  2769 | D:4      | Reached skill level 5 in Dodging
  3497 | D:4      | Found an ancient bone altar of Kikubaaqudgha.
  3497 | D:4      | Found a shimmering altar of Xom.
  3560 | D:5      | Entered Level 5 of the Dungeon
  3612 | D:5      | Reached skill level 7 in Unarmed Combat
  3612 | D:5      | Reached XP level 7. HP: 33/52 MP: 12/15
  4124 | D:5      | Reached XP level 8. HP: 56/60 MP: 13/16
  4170 | D:5      | Identified the +1 whip of Jopior {vamp, rElec rF+ rC+}
  4511 | D:5      | Found a staircase to the Ecumenical Temple.
  4534 | Temple   | Entered the Ecumenical Temple
  4709 | Temple   | Became a worshipper of Cheibriados the Contemplative
  4920 | D:6      | Found a transporter.
  4928 | D:6      | Noticed porpoise's ghost (novice DsGl)
  4929 | D:6      | Found a transporter.
  4930 | D:6      | Noticed a two-headed ogre
  5104 | D:6      | Reached skill level 5 in Transmutations
  5479 | D:6      | Found a shadowy altar of Dithmenos.
  5889 | D:7      | Reached XP level 9. HP: 66/66 MP: 10/18
  5895 | D:7      | Reached * piety under Cheibriados
  5952 | D:7      | Learned a level 4 spell: Ice Form
  6003 | D:7      | Found an opulent altar of Gozag.
  6009 | D:7      | Reached skill level 5 in Fighting
  6134 | D:7      | Found a broken altar of Ashenzari.
  6163 | D:7      | Noticed Prince Ribbit
  6176 | D:7      | Killed Prince Ribbit
  6180 | D:7      | Reached skill level 8 in Unarmed Combat
  6659 | D:8      | Reached skill level 5 in Invocations
  6780 | D:8      | Identified the +3 scimitar "Ogruh" {venom, Fly rF- rN+
                  | Str+8}
  6807 | D:8      | Noticed a two-headed ogre
  6815 | D:8      | Killed a two-headed ogre
  6905 | D:8      | Reached skill level 5 in Short Blades
  6905 | D:8      | Reached skill level 5 in Long Blades
  6905 | D:8      | Reached skill level 5 in Axes
  6905 | D:8      | Reached skill level 5 in Maces & Flails
  6905 | D:8      | Reached skill level 5 in Polearms
  6905 | D:8      | Reached skill level 5 in Staves
  6905 | D:8      | Reached skill level 5 in Ranged Weapons
  6905 | D:8      | Reached skill level 5 in Throwing
  6905 | D:8      | Reached skill level 5 in Armour
  6905 | D:8      | Reached skill level 5 in Stealth
  6905 | D:8      | Reached skill level 5 in Shields
  6905 | D:8      | Reached skill level 5 in Evocations
  6905 | D:8      | Reached XP level 10. HP: 76/76 MP: 16/20
  6924 | D:8      | Found a staircase to the Lair.
  6926 | D:8      | Identified the +2 chain mail "Dusyubi" {Str+2}
  7001 | D:8      | Reached ** piety under Cheibriados
  7004 | D:8      | Found a flagged portal.
  7023 | Bailey   | Entered a bailey
  7397 | Bailey   | Noticed Grum
  7606 | Bailey   | Reached *** piety under Cheibriados
  7722 | Bailey   | Killed Grum
  8535 | D:9      | Noticed Psyche
  8543 | D:9      | Killed Psyche
  8693 | D:9      | Reached **** piety under Cheibriados
  9087 | D:10     | Entered Level 10 of the Dungeon
  9089 | D:10     | Noticed a kobold demonologist
  9092 | D:10     | Noticed a kobold demonologist
  9094 | D:10     | Noticed an orange demon
  9252 | D:10     | Killed a kobold demonologist
  9253 | D:10     | Reached skill level 9 in Unarmed Combat
  9253 | D:10     | Reached skill level 5 in Conjurations
  9253 | D:10     | Reached skill level 5 in Hexes
  9253 | D:10     | Reached skill level 5 in Summonings
  9253 | D:10     | Reached skill level 5 in Necromancy
  9253 | D:10     | Reached skill level 5 in Translocations
  9253 | D:10     | Reached skill level 5 in Fire Magic
  9253 | D:10     | Reached skill level 5 in Ice Magic
  9253 | D:10     | Reached skill level 5 in Air Magic
  9253 | D:10     | Reached skill level 5 in Earth Magic
  9253 | D:10     | Reached skill level 5 in Poison Magic
  9255 | D:10     | Reached XP level 11. HP: 83/83 MP: 16/22
  9542 | D:10     | Found a staircase to the Orcish Mines.
  9561 | D:10     | Reached ***** piety under Cheibriados
  9722 | D:10     | Noticed a centaur warrior
  9737 | D:10     | Killed a centaur warrior
  9793 | D:10     | Noticed a cyclops
  9799 | D:10     | Killed a cyclops
 10091 | D:11     | Noticed a boulder beetle
 10105 | D:11     | Killed a boulder beetle
 10142 | D:11     | Noticed a two-headed ogre
 10152 | D:11     | Killed a two-headed ogre
 10512 | D:11     | Found a frozen archway.
 10539 | IceCv    | Entered an ice cave
 10564 | IceCv    | Noticed a white ugly thing
 10572 | IceCv    | Killed a white ugly thing
 10687 | IceCv    | Reached XP level 12. HP: 91/91 MP: 21/24
 10872 | IceCv    | Identified the +0 ring mail of the Lich-sworn {rF- Dex+4}
 10950 | D:11     | Found a runed translucent gate.
 10951 | D:11     | Found a runed translucent gate.
 10951 | D:11     | Found an opulent altar of Gozag.
 10952 | D:11     | Found a runed translucent gate.
 10953 | D:11     | Noticed dracfodder's ghost (journeyman GrEE)
 10953 | D:11     | Noticed a boulder beetle
 10954 | D:11     | Noticed an ice dragon
 10955 | D:11     | Found Yseck's Assorted Antiques.
 11029 | D:11     | Noticed a boulder beetle
 11041 | D:11     | Killed a boulder beetle
 11724 | Lair:1   | Entered Level 1 of the Lair of Beasts
 11730 | Lair:1   | Learned a level 4 spell: Leda's Liquefaction
 11735 | Lair:1   | Learned a level 4 spell: Olgreb's Toxic Radiance
 11741 | Lair:1   | Learned a level 5 spell: Fireball
 11747 | Lair:1   | Learned a level 5 spell: Summon Forest
 11835 | Lair:1   | Reached skill level 10 in Unarmed Combat
 12618 | Lair:2   | Found a staircase to the Swamp.
 12729 | Lair:2   | You fall into a shaft and drop 1 floor!
 12927 | Lair:3   | Found a hole to the Spider Nest.
 12985 | Lair:3   | Noticed Kirke
 13079 | Lair:2   | Found a runed translucent door.
 13122 | Lair:2   | Found a runed translucent gate.
 13122 | Lair:2   | Found a runed translucent gate.
 13122 | Lair:2   | Found a runed translucent gate.
 13122 | Lair:2   | Found a runed translucent gate.
 13122 | Lair:2   | Found a runed translucent gate.
 13122 | Lair:2   | Found a runed translucent gate.
 13122 | Lair:2   | Noticed a boulder beetle
 13122 | Lair:2   | Noticed a boulder beetle
 13124 | Lair:2   | Noticed a boulder beetle
 13260 | Lair:2   | Killed a boulder beetle
 13260 | Lair:2   | Reached ****** piety under Cheibriados
 13269 | Lair:2   | Killed a boulder beetle
 13274 | Lair:2   | Killed a boulder beetle
 13318 | Lair:2   | Reached XP level 13. HP: 99/99 MP: 13/26
 14132 | Lair:3   | Killed Kirke
 14133 | Lair:3   | Reached skill level 10 in Spellcasting
 14318 | Lair:3   | Identified the +9 rapier of Devotion {vamp, rPois rC+ rN+
                  | Dex+2}
 14863 | Lair:4   | Reached skill level 10 in Dodging
 14863 | Lair:4   | Reached skill level 11 in Unarmed Combat
 15773 | Lair:5   | Entered Level 5 of the Lair of Beasts
 15773 | Lair:5   | Found a runed translucent door.
 15988 | Lair:5   | Reached XP level 14. HP: 108/108 MP: 20/28
 16036 | Lair:5   | Reached skill level 10 in Invocations
 16264 | Lair:5   | Found a viscous altar of Jiyva.
 16267 | Lair:5   | Noticed an acid blob
 16268 | Lair:5   | Found a staircase to the Slime Pits.
 16269 | Lair:5   | Noticed an acid blob
 16809 | Lair:5   | Noticed a dire elephant
 16812 | Lair:5   | Noticed a dire elephant
 16812 | Lair:5   | Noticed a dire elephant
 16878 | Lair:5   | Noticed a dire elephant
 16893 | Lair:5   | Killed a dire elephant
 17200 | Lair:5   | Killed a dire elephant
 17209 | Lair:5   | Killed a dire elephant
 17223 | Lair:5   | Mangled by a dire elephant

Illustrated notes

Levels and vault maps discovered:
D:1:      nicolae_arrival_somewhat_less_tricky_arrival, layout_loops_corners,
          serial_aquarium, aquarium_bridge_straight [aquarium_subvault_bridge,
          aquarium_subvault_window, aquarium_subvault_bridge,
          aquarium_subvault_balcony], aquarium_window_fake, aquarium_window_2,
          aquarium_view_2g, aquarium_view_4, aquarium_pool_split,
          dreamdust_ecumenical_altar_statues, minmay_misc_feat_four_crosses,
          minmay_misc_feat_roman
D:2:      layout_rooms, serial_shops, nicolae_shop_window_shopping
D:3:      corexii_shack_village, layout_rooms, jmf_multi_god_temple,
          lightli_corner_chamber
D:4:      layout_rooms, gammafunk_temple_overflow_elements
D:5:      layout_basic, minmay_temple_entry_antechambers
D:6:      layout_cave_pools, grunt_dithmenos_shadows, gammafunk_ghost_smash,
          kennysheep_another_room, dreamdust_mushroom_princess
D:7:      layout_loops_ring, mainiacjoe_overflow_catch_the_wave,
          uniq_prince_ribbit1
D:8:      layout_gridville, hellmonk_lair_entry_icy, enter_bailey_5
D:9:      layout_roguey, nrook_campfire, corner_web_ring,
          chequers_serial_rivers_room_a, uniq_psyche
D:10:     cheibrodos_barr_body, layout_basic, orc_0_dummy, lightli_minifort
D:11:     layout_stronghold, portal_ice_cave_entry_imps, ebering_ghost_gozag,
          hangedman_decor_peaks_small
Temple:   nicolae_temple_bog_church
Lair:1:   layout_hall_layers, serial_forest, infiniplex_forest_straight_5,
          infiniplex_forest_lined_2, infiniplex_forest_lined_room_,
          infiniplex_forest_join, infiniplex_forest_end_2,
          infiniplex_forest_3_way, lemuel_fruit_fields
Lair:2:   gammafunk_indiana_jones, layout_regular_city,
          minmay_swamp_entry_reptiles, lemuel_fruit_tree,
          infiniplex_staircase_pool_2
Lair:3:   layout_gridlike, nicolae_spider_entry_lesser_pyramids,
          grunt_megastairs_4, lemuel_fruit_fields, uniq_kirke
Lair:4:   layout_regular_city
Lair:5:   due_jungle_book, layout_loops_ring, slime_entry_2, st_stairs_5

Skill      XL: |  1  2  3  4  5  6  7  8  9 10 11 12 13 14 |
---------------+-------------------------------------------+-----
Spellcasting   | 5 6 7 8 9 10 | 10.8
Invocations    | 1 2 3 4 5 6 7 8 9 10 | 10.4
Short Blades   | 1 2 3 5 6 7 8 9 |  9.5
Long Blades    | 1 2 3 5 6 7 8 9 |  9.5
Axes           | 1 2 3 5 6 7 8 9 |  9.5
Maces & Flails | 1 2 3 5 6 7 8 9 |  9.5
Polearms       | 1 2 3 5 6 7 8 9 |  9.5
Staves         | 1 2 3 5 6 7 8 9 |  9.5
Ranged Weapons | 1 2 3 5 6 7 8 9 |  9.5
Throwing       | 1 2 3 5 6 7 8 9 |  9.5
Armour         | 1 2 3 5 6 7 8 9 |  9.5
Stealth        | 1 2 3 5 6 7 8 9 |  9.5
Shields        | 1 2 3 5 6 7 8 9 |  9.5
Evocations     | 1 2 3 5 6 7 8 9 |  9.5
Conjurations   | 1 2 3 4 5 6 7 8 |  8.0
Hexes          | 1 2 3 4 5 6 7 8 |  8.0
Summonings     | 1 2 3 4 5 6 7 8 |  8.0
Necromancy     | 1 2 3 4 5 6 7 8 |  8.0
Translocations | 1 2 3 4 5 6 7 8 |  8.0
Fire Magic     | 1 2 3 4 5 6 7 8 |  8.0
Ice Magic      | 1 2 3 4 5 6 7 8 |  8.0
Air Magic      | 1 2 3 4 5 6 7 8 |  8.0
Earth Magic    | 1 2 3 4 5 6 7 8 |  8.0
Poison Magic   | 1 2 3 4 5 6 7 8 |  8.0
Fighting       | 3 4 5 6 7 8 9 |  9.9
Transmutations | 4 5 6 7 8 |  8.9
Dodging        | 5 6 7 8 9 10 | 10.6
Unarmed Combat | 7 8 9 10 11 | 11.5

Action                   |  1- 3 |  4- 6 |  7- 9 | 10-12 | 13-15 || total
-------------------------+-------+-------+-------+-------+-------++-------
Melee: Unarmed           |    79 |   132 |   221 |   477 |   267 ||  1176
       Kick              |    15 |     1 |       |       |       ||    16
       Headbutt          |     8 |     3 |       |       |       ||    11
       Bite              |     5 |       |       |     3 |       ||     8
       Punch             |     2 |       |     1 |       |       ||     3
       Whip              |       |       |     8 |    14 |       ||    22
 Cast: Beastly Appendage |    23 |     4 |       |       |       ||    27
       Spider Form       |     2 |    25 |    30 |     9 |     1 ||    67
       Wereblood         |       |     3 |     3 |    11 |       ||    17
       Ice Form          |       |       |     8 |    43 |    26 ||    77
       Summon Forest     |       |       |       |     4 |     5 ||     9
       Leda's Liquefacti |       |       |       |     3 |     1 ||     4
       Fireball          |       |       |       |     2 |     3 ||     5
       Olgreb's Toxic Ra |       |       |       |       |     7 ||     7
Invok: Bend Time         |       |       |       |     1 |     1 ||     2
       Slouch            |       |       |       |       |     1 ||     1
  Use: Scroll            |       |     4 |     6 |     3 |     4 ||    17
       Potion            |       |       |       |       |     3 ||     3
 Stab: Sleeping          |     3 |     1 |     1 |     7 |     6 ||    18
       Distracted        |       |       |       |       |     3 ||     3
Armor: Robe              |     8 |       |     2 |     2 |     2 ||    14
       Skin              |       |     8 |    27 |   148 |   131 ||   314
Dodge: Dodged            |    41 |   151 |   169 |   653 |   316 ||  1330
Block: Buckler           |       |       |       |     1 |     2 ||     3

Table legend: (Time is in decaauts)
 A = Elapsed time spent in this place.
 B = Non-inter-level travel time spent in this place.
 C = Inter-level travel time spent in this place.
 D = Time resting spent in this place.
 E = Time spent auto-exploring this place.
 F = Levels seen in this place.
 G = Mean time per level.
                   A        B        C        D        E       F      G
               +--------+--------+--------+--------+--------+-----+--------+
         Total |  22678 |  22022 |    656 |   1609 |  15624 |  19 | 1193.6 |
       Dungeon |  12544 |  12056 |    488 |    493 |   9035 |  11 | 1140.4 |
        Temple |    207 |    183 |     24 |      0 |    161 |   1 |  207.0 |
          Lair |   8512 |   8368 |    144 |    509 |   6371 |   5 | 1702.4 |
        Bailey |    950 |    950 |      0 |    389 |     55 |   1 |  950.0 |
      Ice Cave |    463 |    463 |      0 |    218 |      0 |   1 |  463.0 |
               +--------+--------+--------+--------+--------+-----+--------+

Top non-repeatable levels by time:
    D:11: 1983 daAuts
  Lair:5: 1945 daAuts
  Lair:2: 1881 daAuts
  Lair:4: 1640 daAuts
  Lair:3: 1554 daAuts
  Lair:1: 1490 daAuts
     D:9: 1421 daAuts
    D:10: 1223 daAuts
     D:5: 1198 daAuts
     D:3: 1129 daAuts
     D:1: 1122 daAuts
     D:8: 1095 daAuts
     D:7: 1093 daAuts
     D:6: 992 daAuts
  Bailey: 950 daAuts
